 Dungeon Crawl Stone Soup version 0.30.0-10-gfe55d96785 (webtiles) character file.

Game seed: 17073038813286371428

54 Jackthecabe the Shooter (level 3, -1/26 HPs)
             Began as a Demonspawn Hexslinger on May 16, 2023.
             Killed from afar by an orc wizard (5 damage)
             ... with a magic dart
             ... on level 3 of the Dungeon.
             The game lasted 00:03:09 (1955 turns).

Jackthecabe the Shooter (Demonspawn Hexslinger)     Turns: 1955, Time: 00:03:09

Health: -1/26      AC:  3    Str: 10    XL:     3   Next: 66%
Magic:  4/4        EV: 11    Int: 14    God:
Gold:   102        SH:  0    Dex: 15    Spells: 3/4 levels left

rFire   . . .        a - +1 sling
rCold   + . .        (no shield)
rNeg    . . .        h - +0 leather armour
rPois   .            (no helmet)
rElec   .            (no cloak)
rCorr   .            (no gloves)
SInv    .            (no boots)
Will    .....        (no amulet)
Stlth   +            C - ring of protection from cold
HPRegen 0.24/turn    (no ring)
MPRegen 0.09/turn

%: no passive effects
@: confused
A: hooves 2
a: no special abilities


You were on level 3 of the Dungeon.
You visited 1 branch of the dungeon, and saw 3 of its levels.

You collected 102 gold pieces.


Innate Abilities, Weirdness & Mutations

You have hoof-like feet.


   Skills:
 - Level 1.0 Fighting
 + Level 3.7 Ranged Weapons
 - Level 1.7 Dodging
 - Level 1.0 Spellcasting
 - Level 3.0 Hexes


You had 3 spell levels left.
You knew the following spells:

 Your Spells              Type           Power      Damage    Failure   Level
s - Slow                  Hex            36%        N/A       11%         1

Your spell library contained the following spells:

 Spells                   Type           Power      Damage    Failure   Level
 Ensorcelled Hibernation  Hex/Ice        8%         N/A       28%         2
 Kiss of Death            Conj/Necr      0%         2d5       34%         1
 Blink                    Tloc           0%         N/A       47%         2
 Passwall                 Tmut/Erth      0%         N/A       47%         2
 Inner Flame              Hex/Fire       4%         N/A       50%         3
 Portal Projectile        Hex/Tloc       8%         N/A       50%         3
 Spider Form              Tmut/Pois      0%         N/A       71%         3
 Swiftness                Air            0%         N/A       71%         3
 Cause Fear               Hex            4%         N/A       71%         4
 Anguish                  Hex/Necr       2%         N/A       88%         4
 Manifold Assault         Tloc           0%         N/A       98%         4
 Storm Form               Tmut/Air       0%         N/A       100%        7

Inventory:

Hand Weapons
 a - a +1 sling (weapon)
 e - a +0 dagger
Missiles
 k - 3 javelins
 l - a throwing net {=f}
Armour
 h - a +0 leather armour (worn)
 p - a +0 robe
Magical Staves
 q - a staff of death {!a}
Jewellery
 c - a ring of protection from cold
 C - a ring of protection from cold (left hand)
Scrolls
 b - a scroll of poison
 f - 3 scrolls of teleportation {unknown}
 g - 2 scrolls of fear {unknown}
 i - 2 scrolls of identify {unknown}
 j - a scroll of fog {unknown}
 m - a scroll of silence {unknown}
 n - a scroll of noise {unknown}
 o - a scroll of acquirement {unknown}
Potions
 d - 2 potions of curing {unknown}
 r - a potion of ambrosia {unknown}
 s - a potion of invisibility {unknown}

Dungeon Overview and Level Annotations

Branches:
Dungeon (3/15)

Altars:

Annotations:
D:2 exclusion: adder

########### ..$...
..........# ......
#........##### ...... #.
#.....#...####.o.... ##.
#.#...........o.o. ...
#.#...###.####.o.
...##.#...#...<..o#
...#.#...#.####@.#.#
###.#.#...#.#.......#
......<.................
.......................#
.........##.#............
..#.#######.###########.#
###'### #.# . ......# #.#
#.(.).+ ..#


You could see 2 orc priests, an orc wizard and 2 orcs.


Message History

The orc wizard flickers and vanishes!
Unknown command.
Unknown command.
You bump into the rock wall.
You feel less confused. The orc wizard casts a spell at you.
You are confused.
An orc comes into view. It is wielding a +0 hand axe.
An orc priest comes into view. It is wielding a +0 whip.
Unknown command.
Unknown command.
Unknown command.
Unknown command.
The orc wizard hits you but does no damage.
Unknown command.
An orc wizard comes into view. It is wielding a +0 dagger.
The orc wizard shouts!
The orc wizard hits you but does no damage.
You bump into the rock wall.
The orc wizard points at you and mumbles some strange words.
The puff of flame hits you!
Unknown command.
Unknown command.
You're too confused to move!
The orc priest mumbles some strange prayers to Beogh against you.
Beogh smites you!
* * * LOW HITPOINT WARNING * * *
The orc wizard gestures at you while chanting.
The magic dart hits you.
You die...

Skill      XL: |  1  2 |
---------------+-------+-----
Ranged Weapons | 2 3 |  3.7
Fighting       | |  1.0
Dodging        | |  1.7
Spellcasting   | |  1.0
Hexes          | |  3.0

Action                     || total
---------------------------++-------
   Fire: Sling             ||   141
   Cast: Slow              ||     2
 Armour: Leather armour    ||    22
  Dodge: Dodged            ||    52

Levels and vault maps discovered:
D:1:      minmay_arrival_cross, layout_basic
D:2:      layout_basic, shapermc_ecumenical_altar_rom_forum
D:3:      layout_basic, slow_altar_1, ebering_ghost_inner_flame

Notes
Turn   | Place    | Note
-------+----------+-------------------------------------------
     0 | D:1      | Jackthecabe the Demonspawn Hexslinger began the quest for
                  | the Orb.
     0 | D:1      | Reached XP level 1. HP: 15/15 MP: 2/2
    22 | D:1      | Reached skill level 2 in Ranged Weapons
   203 | D:1      | You feel monstrous as your demonic heritage exerts itself.
   203 | D:1      | Discovered your monstrous ancestry.
   203 | D:1      | Gained mutation: You have large cloven feet. [demonic
                  | ancestry]
   203 | D:1      | Reached XP level 2. HP: 21/21 MP: 3/3
   506 | D:1      | Reached skill level 3 in Ranged Weapons
   536 | D:1      | Gained mutation: You have hoof-like feet. [demonic
                  | ancestry]
   536 | D:1      | Reached XP level 3. HP: 19/26 MP: 4/4
   892 | D:2      | Found a faded altar of an unknown god.
   913 | D:2      | Got Plato's Commentary on Battling
  1955 | D:3      | Killed from afar by an orc wizard

Vanquished Creatures
  A worm (D:2)
  2 dart slugs
  2 orcs (D:3)
  4 ball pythons
  6 endoplasms
  3 giant cockroaches (D:1)
  3 goblins
  4 hobgoblins
  2 quokkas
  5 bats
  A frilled lizard (D:2)
  4 kobolds
  5 rats (D:1)
42 creatures vanquished.

Table legend: (Time is in decaauts)
 A = Elapsed time spent in this place.
 B = Non-inter-level travel time spent in this place.
 C = Inter-level travel time spent in this place.
 D = Time resting spent in this place.
 E = Time spent auto-exploring this place.
 F = Levels seen in this place.
 G = Mean time per level.
                   A        B        C        D        E       F      G
               +--------+--------+--------+--------+--------+-----+--------+
         Total |   1995 |   1959 |     36 |    200 |   1413 |   3 |  665.0 |
       Dungeon |   1995 |   1959 |     36 |    200 |   1413 |   3 |  665.0 |
               +--------+--------+--------+--------+--------+-----+--------+

Top non-repeatable levels by time:
     D:2: 1001 daAuts
     D:1: 759 daAuts
     D:3: 234 daAuts

Table legend:
 A = Non-vault XP
 B = Vault XP
 C = Vault XP percentage of total XP
 D = Non-vault monster count
 E = Vault monster count
 F = Vault count percentage of total count
                 A         B        C        D         E       F
            +---------+---------+-------+---------+---------+-------
      Total |      78 |       0 |   0.0 |      42 |       0 |   0.0
            +---------+---------+-------+---------+---------+-------
        D:1 |      42 |       0 |   0.0 |      25 |       0 |   0.0
        D:2 |      30 |       0 |   0.0 |      15 |       0 |   0.0
        D:3 |       6 |       0 |   0.0 |       2 |       0 |   0.0
            +---------+---------+-------+---------+---------+-------
